 Dungeon Crawl Stone Soup version 0.28-a0-1235-g7c8fac35f0 (webtiles) character file.

Game seed: 9272765788601574844

35 karkarkar the Digger (level 3, 0/19 HPs)
             Began as a Gargoyle Earth Elementalist on Dec 22, 2021.
             Slain by Terence (2 damage)
             ... on level 2 of the Dungeon on Dec 24, 2021.
             The game lasted 00:05:30 (1998 turns).

karkarkar the Digger (Gargoyle Earth Elementalist)  Turns: 1998, Time: 00:05:31

Health: 0/19       AC:  5    Str: 11    XL:     3   Next: 35%
Magic:  1/6        EV: 12    Int: 17    God:
Gold:   64         SH:  0    Dex: 10    Spells: 3/7 levels left

rFire   . . .      SeeInvis .   a - +0 whip (venom)
rCold   . . .      Faith    .   (no shield)
rNeg    + . .      Spirit   .   b - +0 robe
rPois   ∞          Reflect  .   (no helmet)
rElec   +          Harm     .   (no cloak)
rCorr   .          Rampage  .   (no gloves)
Will    +....                   (no boots)
Stlth   ++........              (no amulet)
HPRegen 0.06/turn               f - ring of willpower
MPRegen 0.10/turn               (no ring)

@: no status effects
A: sickness immunity, AC +3, negative energy resistance 1, electricity
resistance, torment resistance 1, petrification resistance
a: no special abilities


You were on level 2 of the Dungeon.
You visited 1 branch of the dungeon, and saw 3 of its levels.

You collected 64 gold pieces.

Inventory:

Hand Weapons
 a - a +0 whip of venom (weapon)
Missiles
 c - 78 stones
Armour
 b - a +0 robe (worn)
Jewellery
 f - a ring of willpower (left hand)
Scrolls
 d - a scroll of magic mapping {unknown}
 e - a scroll of immolation {unknown}


   Skills:
 - Level 1.6 Dodging
 - Level 2.3 Stealth
 + Level 2.5 Spellcasting
 * Level 0.3 Conjurations
 + Level 0.7 Transmutations
 + Level 4.6 Earth Magic


You had 3 spell levels left.
You knew the following spells:

 Your Spells              Type           Power      Damage    Failure   Level
a - Sandblast             Erth           34%        2d9       2%          1
b - Stone Arrow           Conj/Erth      20%        3d8       21%         3

Your spell library contained the following spells:

 Spells                   Type           Power      Damage    Failure   Level
 Passwall                 Tmut/Erth      9%         N/A       10%         2
 Petrify                  Tmut/Erth      11%        N/A       52%         4


Dungeon Overview and Level Annotations

Branches:
Dungeon (3/15)

Altars:

Annotations:
D:2 Terence


Innate Abilities, Weirdness & Mutations

You are immune to sickness and miasma.
Your stone body is resilient. (AC +3)
You are immune to poison.
You resist negative energy. (rN+)
You are resistant to electric shocks. (rElec)
You are resistant to unholy torment.
You are immune to petrification.


Message History

Found a leather armour.
Unknown command.
f - a ring of willpower
f - a ring of willpower (left hand)
Things that are here:
a +0 dagger; a goblin corpse You see here a +0 ring mail.
Found a short sword.
Done exploring.
Done exploring.
Search for what [? for help]? .
(D) Dungeon
Where to? (? - help)
What level of the Dungeon? (default 1, ? - help)
You see here a +0 dagger.
You open the door.
There is an open door here.
There is a stone staircase leading down here.
You climb downwards.
There is a stone staircase leading up here.
Terence the Incautious comes into view.
He is wielding a +2 vorpal hand axe.
Found a scroll of noise.
The blast of sand hits Terence but does no damage.
Terence shouts!
The blast of sand hits Terence but does no damage.
The blast of sand hits Terence but does no damage.
Terence hits you with a +2 vorpal hand axe.
The blast of sand hits Terence but does no damage.
Terence barely misses you.
The blast of sand hits Terence but does no damage.
Terence barely misses you.
The blast of sand misses Terence.
Terence closely misses you.
There is a stone staircase leading up here.
Terence hits you with a +2 vorpal hand axe!
You climb upwards.
There is a stone staircase leading down here.
Terence hits you but does no damage.
Terence hits you with a +2 vorpal hand axe.
* * * LOW HITPOINT WARNING * * *
You die...

############# #.(.........#
###.#....####.###### #.†......#
#.#....#### #.#......#
#.#.......########
#.###.#+#####.#.......#.......
#.#...#..........#....#.######
#.#.##########...#......#.....
##............@................
#.....####<###.@..#....#.#.##..
##.#..# #.###....####.###.##..
#.#..# #......>...........+..
#.#..########.#.#.###.###.##..
#.#...........#.#.# #.# #..[..
##.#.#####.##..#.#.# #.###.....
#..............#.#'###.........
#####.#####....#........###....


You could see Terence.

Vanquished Creatures
  A dart slug (D:2)
  3 ball pythons (D:2)
  A bat (D:1)
  3 endoplasms
  6 giant cockroaches
  2 goblins (D:2)
  2 hobgoblins
  2 quokkas
  A frilled lizard (D:1)
  5 kobolds
  3 rats
29 creatures vanquished.

Notes
Turn   | Place    | Note
-------+----------+-------------------------------------------
     0 | D:1      | karkarkar the Gargoyle Earth Elementalist began the quest
                  | for the Orb.
     0 | D:1      | Reached XP level 1. HP: 10/10 MP: 3/3
    60 | D:1      | You fall into a shaft and drop 1 floor!
   206 | D:1      | Found a faded altar of an unknown god.
   380 | D:1      | Reached skill level 4 in Earth Magic
   541 | D:1      | Reached XP level 2. HP: 15/15 MP: 3/5
  1308 | D:2      | Reached XP level 3. HP: 19/19 MP: 2/6
  1603 | D:2      | Upgraded the game from 0.28-a0-1227-ga9037bb4c8 to
                  | 0.28-a0-1235-g7c8fac35f0
  1647 | D:2      | Learned a level 3 spell: Stone Arrow
  1985 | D:3      | Noticed Terence
  1998 | D:2      | Slain by Terence

Illustrated notes

Levels and vault maps discovered:
D:1:      dpeg_arrival_rooms_a, layout_loops_ring, serial_forest,
          infiniplex_forest_lined_2, infiniplex_forest_straight_2,
          infiniplex_forest_join, infiniplex_forest_clump_small,
          nicolae_ecumenical_lake_church
D:2:      layout_basic
D:3:      layout_loops_cross, uniq_grinder, uniq_terence

Skill      XL: |  1 |
---------------+----+-----
Earth Magic    | 4 |  4.6
Dodging        | |  1.6
Stealth        | |  2.3
Spellcasting   | |  2.5
Conjurations   | |  0.3
Transmutations | |  0.7

Action                   || total
-------------------------++-------
Melee: Unarmed           ||    22
       Whip              ||     8
 Cast: Sandblast         ||    47
  Use: Scroll            ||     2
Armor: Robe              ||    11
Dodge: Dodged            ||    26

Table legend: (Time is in decaauts)
 A = Elapsed time spent in this place.
 B = Non-inter-level travel time spent in this place.
 C = Inter-level travel time spent in this place.
 D = Time resting spent in this place.
 E = Time spent auto-exploring this place.
 F = Levels seen in this place.
 G = Mean time per level.
                   A        B        C        D        E       F      G
               +--------+--------+--------+--------+--------+-----+--------+
         Total |   1999 |   1956 |     43 |    290 |   1422 |   3 |  666.3 |
       Dungeon |   1999 |   1956 |     43 |    290 |   1422 |   3 |  666.3 |
               +--------+--------+--------+--------+--------+-----+--------+

Top non-repeatable levels by time:
     D:1: 1102 daAuts
     D:2: 888 daAuts
     D:3: 9 daAuts
